 Dungeon Crawl Stone Soup version 0.29.1-4-g47bece8355 (webtiles) character file.

Game seed: 15408099424769991512

2 ChadusMaximus the Caller (level 1, 0/13 HPs)
             Began as a Human Summoner on Dec 9, 2022.
             Slain by a goblin
             ... wielding a +0 dagger
              (2 damage)
             ... on level 1 of the Dungeon.
             The game lasted 00:00:27 (223 turns).

ChadusMaximus the Caller (Human Summoner)            Turns: 223, Time: 00:00:28

Health: 0/13       AC:  2    Str:  8    XL:     1   Next: 44%
Magic:  0/3        EV: 12    Int: 15    God:
Gold:   10         SH:  0    Dex: 13    Spells: 3/4 levels left

rFire   . . .      SeeInvis .   d - +0 long sword
rCold   . . .      Faith    .   (no shield)
rNeg    . . .      Spirit   .   a - +0 robe
rPois   .          Reflect  .   (no helmet)
rElec   .          Harm     .   (no cloak)
rCorr   .          Rampage  .   (no gloves)
Will    .....                   (no boots)
Stlth   ++........              (no amulet)
HPRegen 0.04/turn               (no ring)
MPRegen 0.08/turn               (no ring)

@: no status effects
A: no striking features
a: no special abilities


You were on level 1 of the Dungeon.
You visited 1 branch of the dungeon, and saw 1 of its levels.

You collected 10 gold pieces.

Inventory:

Hand Weapons
 d - a +0 long sword (weapon)
Armour
 a - a +0 robe (worn)
Potions
 b - a potion of magic
 c - a potion of invisibility {unknown}


   Skills:
 - Level 2.0 Dodging
 - Level 2.0 Stealth
 + Level 2.0 Spellcasting
 * Level 4.0 Summonings


You had 3 spell levels left.
You knew the following spells:

 Your Spells              Type           Power      Damage    Failure   Level
a - Summon Small Mammal   Summ           52%        N/A       4%          1

Your spell library contained the following spells:

 Spells                   Type           Power      Damage    Failure   Level
 Call Imp                 Summ           13%        N/A       6%          2
 Call Canine Familiar     Summ           13%        N/A       13%         3
 Summon Guardian Golem    Hex/Summ       7%         N/A       28%         3
 Summon Lightning Spire   Summ/Air       7%         N/A       67%         4


Dungeon Overview and Level Annotations

Branches:
Dungeon (1/15)

Altars:


Message History

You are too injured to fight recklessly!
There are monsters nearby!
You are too injured to fight recklessly!
Casting: Summon Small Mammal (safe; 4% risk of failure)
Confirm with . or Enter, or press ? or * to list all spells.
You miscast Summon Small Mammal.
You are very lightly contaminated with residual magic.
Nothing appears to happen.
The goblin barely misses you.
The frilled lizard bites you but does no damage.
Casting: Summon Small Mammal (safe; 4% risk of failure)
Confirm with . or Enter, or press ? or * to list all spells.
The goblin hits you with a +0 dagger.
* * * LOW HITPOINT WARNING * * *
The frilled lizard bites you.
* * * LOW HITPOINT WARNING * * *
The frilled lizard attacks as you move away!
The frilled lizard bites you but does no damage.
Your bat misses the goblin.
Casting: Summon Small Mammal (safe; 4% risk of failure)
Confirm with . or Enter, or press ? or * to list all spells.
Your bat hits the endoplasm but does no damage.
The goblin closely misses you. The frilled lizard closely misses you.
The goblin attacks as you move away! The goblin hits you but does no damage.
The goblin closely misses your bat.
The frilled lizard closely misses your bat.
The endoplasm hits your bat.
Your bat barely misses the goblin.
Your magical contamination has completely faded away.
Your bat completely misses the goblin.
Your bat closely misses the goblin.
Your bat closely misses the frilled lizard.
The endoplasm misses your bat.
Your bat hits the endoplasm.
Your bat closely misses the goblin.
Your bat closely misses the goblin.
Your bat hits the goblin.
Your bat barely misses the frilled lizard. x2
Your bat closely misses the frilled lizard.
Casting: Summon Small Mammal (safe; 4% risk of failure)
Confirm with . or Enter, or press ? or * to list all spells.
The goblin attacks as you move away! The goblin barely misses you.
Your bat completely misses the goblin.
The goblin attacks as you move away! The goblin hits you with a +0 dagger.
You die...

+.....†..#.########
..########...##.....####
.........#..###..⌠.....##
#.######...J###.........##
##...#.#.b....#....#
####..#.#........###..##
#.....#...l#..<..# ##..##
#......#.#..g.....###....#
....#####.#.#.@....#....#.#
.... #.####.........##.##
... #.# #..⌠.....##...# ##
#.# #.....#######.#
#.########## #.# #.#.r...#
#.# #r###.# #.# #.# #.# #.#
#r# #.# #.#


You could see an endoplasm, a goblin (ally target), a frilled lizard and a
friendly bat (summoned).

Vanquished Creatures
  A hobgoblin (D:1)
  A bat (D:1)
  A frilled lizard (D:1)
3 creatures vanquished.

Notes
Turn   | Place    | Note
-------+----------+-------------------------------------------
     0 | D:1      | ChadusMaximus the Human Summoner began the quest for the
                  | Orb.
     0 | D:1      | Reached XP level 1. HP: 13/13 MP: 3/3
   223 | D:1      | Slain by a goblin

Illustrated notes

Levels and vault maps discovered:
D:1:      dpeg_arrival_arbitrary_c, layout_basic

Action                   || total
-------------------------++-------
Melee: Long sword        ||     4
       Unarmed           ||     2
 Cast: Summon Small Mamm ||     6
 Stab: Sleeping          ||     1
Armor: Robe              ||     3
Dodge: Dodged            ||     6
